 Dungeon Sprint DCSS version 0.26-a0-1222-g14533b3512 (webtiles) character file.

Game seed: 1502406704583502885

4720 reriks the Impaler (level 10, -2/89 HPs)
             Began as a Merfolk Berserker on Dec 31, 2020.
             Was a High Priest of Trog.
             Engulfed by a cloud of foul pestilence (6 damage)
             ... in the Dungeon (Sprint II: "The Violet Keep of Menkaure").
             The game lasted 00:05:19 (2548 turns).

reriks the Impaler (Merfolk Berserker)              Turns: 2548, Time: 00:05:20

Health: -2/89      AC: 16    Str: 19    XL:     10   Next: 45%
Magic:  10/10      EV: 14    Int:  6    God:    Trog [*****.]
Gold:   813        SH: 11    Dex: 14    Spells: 9/9 levels left

rFire    + . .     SeeInvis .   a - +0 spear
rCold    + . .     Faith    .   x - +0 tower shield
rNeg     . . .     Spirit   .   i - +4 chain mail of Brilliance {rF+}
rPois    +         Reflect  .   (no helmet)
rElec    .         Harm     .   (no cloak)
rCorr    .         Rampage  .   w - +0 pair of gloves (curse)
Will     ++...     NoTele   +   (boots currently unavailable)
Stlth    ..........             (no amulet)
HPRegen  1.24/turn              r - ring of poison resistance
MPRegen  0.12/turn              (no ring)

@: mighty, lethally poisoned (-2 -> -17), berserk cooldown, regenerating, hasted
and slowed, very quick
A: change form in water, swift swim, stealthy swim, blurry vision 1, cold
resistance 1, weak 1, evolution 1
a: Renounce Religion, Berserk, Trog's Hand, Brothers in Arms


You were in the Dungeon.
You worshipped Trog.
Trog was extremely pleased with you.
You visited 1 branch You collected 1193 gold pieces.
You spent 380 gold pieces at shops.

Inventory:

Hand Weapons
 a - a +0 spear (weapon)
 y - a +3 halberd
Armour
 b - a +0 animal skin
 i - the +4 chain mail of Brilliance (worn) {rF+}
   (You bought it in a shop in the Dungeon)

   It protects you from fire.
 w - a cursed +0 pair of gloves (worn)
 x - a +0 tower shield (worn)
Jewellery
 r - a ring of poison resistance (left hand)
Scrolls
 h - a scroll of blinking
 j - 6 scrolls of identify
 l - 2 scrolls of fog {unknown}
 m - a scroll of magic mapping {unknown}
 n - 3 scrolls of remove curse {unknown}
 p - a scroll of enchant weapon {unknown}
 t - a scroll of fear {unknown}
 u - 3 scrolls of amnesia {unknown}
Potions
 c - 5 potions of curing
 d - a potion of attraction {unknown}
 f - 5 potions of magic
 g - a potion of berserk rage
 k - a potion of might
 o - a potion of lignification {unknown}
 q - 3 potions of resistance {unknown}
 s - 4 potions of flight {unknown}
 v - a potion of heal wounds


   Skills:
 + Level 11.9 Fighting
 * Level 18.3 Polearms
 + Level 8.4 Armour
 * Level 16.8 Dodging


You had 9 spell levels left.
You didn't know any spells.
Your spell library was empty.

Dungeon Overview and Level Annotations

Branches:
Dungeon (1/1)

Altars:
Cheibriados
Dithmenos
Elyvilon
Fedhas
Gozag
Hepliaklqana
Kikubaaqudgha
Makhleb
Nemelex Xobeh
Okawaru
Qazlal
Ru
Sif Muna
Trog
Uskayaw
Vehumet
Wu Jian
Xom
Yredelemnul
Zin
The Shining One
Beogh
Jiyva
Lugonu

Shops:
D !:!?:(=*(=:[=}[

Annotations:
D exclusion: oklob plant


Innate Abilities, Weirdness & Mutations

You revert to your normal form in water.
You are very nimble and swift while swimming.
You are very stealthy in the water. (Stealth+)
Scrolls take you a little longer to read.
Your flesh is cold resistant. (rC+)
You are weak. (Str -2)
You evolve.


Message History

You puncture the flying skull! You tail-slap the flying skull.
The flying skull is severely damaged.
You are engulfed in dark miasma.
You are lethally poisoned!
You feel as though you will be slow longer.
* * * LOW HITPOINT WARNING * * *
x2 You feel very sick.
You block the flying skull's attack.
You hit the flying skull.
You tail-slap the flying skull, but do no damage.
The flying skull is severely damaged.
You are engulfed in dark miasma.
You feel as though you will be slow longer.
* * * LOW HITPOINT WARNING * * *
x2 You feel sick.
You block the flying skull's attack.
You puncture the flying skull!
You destroy the flying skull!
Trog accepts your kill.
You are engulfed in dark miasma.
You die...

#'##≈≈≈§≈≈≈§≈≈≈#_._._...#≈§§§§##.
≈≈≈≈≈≈≈≈≈§§≈≈≈≈#._._._..#§§≈§≈≈#.
+#+++#§§≈≈≈§≈§§#_._._._.#§§≈≈≈§'.
..°○ ##§§≈###≈§#._._._._#§§[[§≈#.
○.°°○○##≈§# #≈§#.._._._.#§§≈≈§≈▓.
.8.°°..+§§#+#§§#._._._..#≈§§§▓▓▓▓
○.°°°.## §≈≈≈≈≈##########≈§≈≈▓...
°.°°.## #######≈≈≈≈≈≈≈≈≈§≈§≈▓z..
#+#### ○.°.###@########≈▓▓▓▓▓▓▓
☼○○○°##°# #▓▓ °°°○○.zz# ○°○°°####
○.°○# ####


You could see 2 flying skulls.

Vanquished Creatures
  2 deep trolls (D)
  A yaktaur (D)
  3 polar bears (D)
  A hornet (D)
  10 flying skulls (D)
  2 wyverns (D)
  4 neqoxecs (D)
  4 water moccasins (D)
  A hell rat (D)
  3 worms (D)
31 creatures vanquished.

Vanquished Creatures (others)
  Menkaure (D)
  A water moccasin (D)
2 creatures vanquished.

Grand Total: 33 creatures vanquished

Notes
Turn   | Place    | Note
-------+----------+-------------------------------------------
     0 | D        | reriks the Merfolk Berserker began the quest for the Orb.
     0 | D        | Reached XP level 1. HP: 18/18 MP: 1/1
    11 | D        | Reached skill level 5 in Polearms
    11 | D        | Reached XP level 2. HP: 25/25 MP: 2/2
    13 | D        | Reached ** piety under Trog
    44 | D        | Killed Menkaure
    68 | D        | Killed a water moccasin
   170 | D        | Noticed a neqoxec
   177 | D        | Killed a neqoxec
   177 | D        | Noticed a neqoxec
   178 | D        | Reached skill level 8 in Polearms
   178 | D        | Reached XP level 3. HP: 35/35 MP: 3/3
   178 | D        | Reached XP level 4. HP: 41/41 MP: 4/4
   178 | D        | Reached XP level 5. HP: 47/47 MP: 5/5
   181 | D        | Noticed a neqoxec
   185 | D        | Killed a neqoxec
   186 | D        | Reached skill level 9 in Polearms
   186 | D        | Reached XP level 6. HP: 55/55 MP: 6/6
   198 | D        | Gained mutation: Scrolls take you a little longer to read.
                  | [a neqoxec]
   202 | D        | Gained mutation: You are weak. (Str -2) [a neqoxec]
   205 | D        | Gained mutation: You evolve. [a neqoxec]
   213 | D        | Killed a neqoxec
   214 | D        | Reached skill level 11 in Polearms
   214 | D        | Reached skill level 5 in Armour
   384 | D        | Noticed a boulder beetle
   384 | D        | Noticed a boulder beetle
   387 | D        | Noticed a wyvern
   387 | D        | Noticed a wyvern
   398 | D        | Killed a wyvern
   398 | D        | Reached *** piety under Trog
   399 | D        | Reached skill level 10 in Dodging
   399 | D        | Reached XP level 7. HP: 55/63 MP: 7/7
   403 | D        | Killed a wyvern
   404 | D        | Reached skill level 12 in Polearms
   580 | D        | Noticed an ice statue
   585 | D        | Found Erifedgh's Antique Armour Emporium.
   586 | D        | Found Iwnege's Jewellery Emporium.
   586 | D        | Found Roewih's Antique Armour Shoppe.
   727 | D        | Found Dinga's Jewellery Shoppe.
   728 | D        | Found Diahafamo's Jewellery Emporium.
   728 | D        | Found Fieddur's Antique Weapon Shoppe.
   728 | D        | Found Utuxy's Gadget Shoppe.
   728 | D        | Found Pyup's Antique Weapon Emporium.
   729 | D        | Found Mimuolah's Book Emporium.
   729 | D        | Found Noifrun's Book Shoppe.
   730 | D        | Found Nazae's Assorted Antiques.
   732 | D        | Noticed a soldier ant
   763 | D        | Reached skill level 13 in Polearms
  1039 | D        | Found Hasupt's Magic Scroll Shoppe.
  1039 | D        | Found Jiuc's Distillery.
  1039 | D        | Noticed a soldier ant
  1039 | D        | Noticed a soldier ant
  1039 | D        | Noticed an oklob plant
  1040 | D        | Found Yweakk's Distillery.
  1040 | D        | Found Balowat's Book Shoppe.
  1095 | D        | Bought a heavily runed chain mail for 218 gold pieces
  1105 | D        | Identified the +4 chain mail of Brilliance {rF+} (You
                  | bought it in a shop in the Dungeon)
  1106 | D        | Noticed a polar bear
  1106 | D        | Noticed a polar bear
  1109 | D        | Bought a scroll of identify for 26 gold pieces
  1109 | D        | Bought a scroll of identify for 26 gold pieces
  1127 | D        | Bought a potion of might for 40 gold pieces
  1127 | D        | Bought a potion of might for 40 gold pieces
  1134 | D        | Bought a potion of curing for 30 gold pieces
  1158 | D        | Found a radiant altar of Vehumet.
  1158 | D        | Found a glowing silver altar of Zin.
  1158 | D        | Found an iron altar of Okawaru.
  1159 | D        | Found a sparkling altar of Nemelex Xobeh.
  1159 | D        | Found a hide-covered altar of Uskayaw.
  1159 | D        | Found a basalt altar of Yredelemnul.
  1160 | D        | Found an opulent altar of Gozag.
  1160 | D        | Found a burning altar of Makhleb.
  1160 | D        | Found a bloodstained altar of Trog.
  1161 | D        | Found a blossoming altar of Fedhas.
  1161 | D        | Found a corrupted altar of Lugonu.
  1161 | D        | Found a shimmering blue altar of Sif Muna.
  1162 | D        | Found a white marble altar of Elyvilon.
  1162 | D        | Found an ancient bone altar of Kikubaaqudgha.
  1163 | D        | Noticed a polar bear
  1165 | D        | Noticed a hornet
  1184 | D        | Killed a polar bear
  1184 | D        | Reached **** piety under Trog
  1185 | D        | Reached XP level 8. HP: 71/71 MP: 8/8
  1339 | D        | Noticed a yaktaur
  1339 | D        | Noticed a polar bear
  1362 | D        | Killed a yaktaur
  1363 | D        | Reached skill level 14 in Polearms
  1431 | D        | Killed a hornet
  1432 | D        | Reached skill level 10 in Fighting
  1595 | D        | Killed a polar bear
  1596 | D        | Reached skill level 15 in Polearms
  1596 | D        | Reached XP level 9. HP: 78/78 MP: 9/9
  1745 | D        | Noticed a polar bear
  1766 | D        | Killed a polar bear
  1940 | D        | Found a shadowy altar of Dithmenos.
  1940 | D        | Found a viscous altar of Jiyva.
  1941 | D        | Found a snail-covered altar of Cheibriados.
  1942 | D        | Found a roughly hewn altar of Beogh.
  1981 | D        | Reached ***** piety under Trog
  1987 | D        | Noticed a kraken
  2183 | D        | Found a hazy altar of Hepliaklqana.
  2183 | D        | Found a sacrificial altar of Ru.
  2183 | D        | Found a shimmering altar of Xom.
  2184 | D        | Found a stormy altar of Qazlal.
  2184 | D        | Found an ornate altar of the Wu Jian Council.
  2192 | D        | Noticed a deep troll
  2192 | D        | Noticed a deep troll
  2209 | D        | Killed a deep troll
  2210 | D        | Reached skill level 16 in Polearms
  2210 | D        | Reached skill level 15 in Dodging
  2223 | D        | Killed a deep troll
  2224 | D        | Reached skill level 17 in Polearms
  2224 | D        | Reached XP level 10. HP: 55/88 MP: 10/10
  2453 | D        | Found a glowing golden altar of the Shining One.
  2479 | D        | Received a gift from Trog
  2533 | D        | Gained mutation: Your flesh is cold resistant. (rC+)
                  | [evolution]
  2534 | D        | Reached skill level 18 in Polearms
  2547 | D        | HP: 4/89 [poison (dark miasma)]
  2548 | D        | Engulfed by a cloud of foul pestilence

Illustrated notes

Levels and vault maps discovered:
D:        the_violet_keep_of_menkaure [sprint2_stairs_cluster_1,
          sprint2_shoproom, sprint2_temple, sprint2_basic_supplies,
          sprint2_obstacle_2, sprint2_obstacle_1, sprint2_obstacle_5,
          sprint2_obstacle_7, sprint2_obstacle_6, sprint2_timed_cluster_1,
          sprint2_smallroom_cluster_1, sprint2_smallroom_final_cluster_1,
          sprint2_transparent_cluster_1, sprint2_second_timed_cluster_1,
          sprint2_sniper_area_1, sprint2_heavy_combat_area_1,
          sprint2_mutation_trap_area_1, sprint2_forest_area_1,
          sprint2_light_combat_area_1, sprint2_behind_water_1,
          sprint2_near_end_vault_1]

Skill      XL: |  1  2  3  4  5  6  7  8  9 10 |
---------------+-------------------------------+-----
Dodging        | 3 7 8 10 12 13 15 16 | 16.8
Polearms       | 5 8 9 11 13 15 17 18 | 18.3
Armour         | 2 4 5 6 7 8 |  8.4
Fighting       | 6 7 8 9 10 11 | 11.9

Action                   |  1- 3 |  4- 6 |  7- 9 | 10-12 || total
-------------------------+-------+-------+-------+-------++-------
Melee: Spear             |    13 |    44 |   158 |    82 ||   297
       Tailslap          |       |       |    16 |    11 ||    27
Invok: Berserk           |     2 |     1 |     7 |     1 ||    11
       Trog's Hand       |     1 |       |     1 |     1 ||     3
  Use: Potion            |       |     1 |       |     2 ||     3
Armor: Animal skin       |       |     1 |       |       ||     1
       Chain mail        |       |       |    20 |    16 ||    36
Dodge: Dodged            |       |    12 |    72 |    21 ||   105
Block: Tower shield      |       |       |    11 |    35 ||    46

Table legend: (Time is in decaauts)
 A = Elapsed time spent in this place.
 B = Non-inter-level travel time spent in this place.
 C = Inter-level travel time spent in this place.
 D = Time resting spent in this place.
 E = Time spent auto-exploring this place.
 F = Levels seen in this place.
 G = Mean time per level.
                   A        B        C        D        E       F      G
               +--------+--------+--------+--------+--------+-----+--------+
         Total |   2479 |   2479 |      0 |   1868 |    104 |   1 | 2479.0 |
       Dungeon |   2479 |   2479 |      0 |   1868 |    104 |   1 | 2479.0 |
               +--------+--------+--------+--------+--------+-----+--------+

Top non-repeatable levels by time:
       D: 2479 daAuts
